AoeStats
← lucas_s_g

Arabia

510739829Analyzed
1v1 RM · 1d ago on Oct 2, 2026· 19m 23s· 2 players
Game mode
Random Map
Map size
Tiny (2 player)
Population
200
Speed
Normal
Resources
Standard
Victory
Conquest
Starting age
Dark Age
Ending age
Imperial Age
RankedLock teamsTeams togetherTeam positionsShared explorationLock speedFull tech treeHidden civsTurbo modeCheats
Victory
Defeat
🇪🇸 Malay · Spain
718
+14
🇸🇪 Burgundians · Sweden
683
-14
robert.applelid
9:51 Feudal Age
12:34 Double-Bit Axe
13:59 Wheelbarrow
14:18 Horse Collar
15:59 Gold Mining
16:44 Man-at-Arms
lucas_s_g
9:43 Feudal Age
8:47 Loom
9:41 Double-Bit Axe
9:58 Horse Collar
15:28 Wheelbarrow
14:26 Man-at-Arms
19:20 Forging
Connection lost

Rejoining the realm…

Still unreachable

The connection could not be restored.

Session expired

The server has moved on; the page needs a fresh start.